 Dungeon Crawl Stone Soup version 0.29-a0-914-g906f1d757c (webtiles) character file.

Game seed: 12347929124701072740

728 inmateoo the Ruffian (level 7, 0/57 HPs)
             Began as a Grey Draconian Transmuter on July 26, 2022.
             Slain by a steam dragon (3 damage)
             ... on level 5 of the Dungeon.
             The game lasted 00:05:03 (4215 turns).

inmateoo the Ruffian (Grey Draconian Transmuter)    Turns: 4215, Time: 00:05:04

Health: 0/57       AC: 11    Str: 13    XL:     7   Next: 44%
Magic:  21/21      EV: 12    Int: 15    God:
Gold:   334        SH:  0    Dex: 11    Spells: 2/12 levels left

rFire   + . .      SeeInvis .     - Unarmed
rCold   . . .      Faith    .   (no shield)
rNeg    . . .      Spirit   .   (body armour unavailable)
rPois   .          Reflect  .   (helmet currently unavailable)
rElec   .          Harm     .   (no cloak)
rCorr   .          Rampage  .   (no gloves)
Will    +++..                   (boots currently unavailable)
Stlth   +.........              (no amulet)
HPRegen 0.19/turn               o - ring "Fuaclofa" {Drain rF+ Will+++ MP+9}
MPRegen 0.17/turn               (no ring)

@: appendages
A: horns 2, talons 2, AC +11, amphibious, unfitting armour, cold-blooded
a: End Transformation


You were on level 5 of the Dungeon.
You had temporarily grown beastly horns and talons.
You visited 1 branch of the dungeon, and saw 5 of its levels.

You collected 334 gold pieces.

Inventory:

Missiles
 g - a throwing net
Magical Staves
 k - a staff of conjuration
 l - a staff of air
Jewellery
 o - the ring "Fuaclofa" (left hand) {Drain rF+ Will+++ MP+9}
   (You took it off an orc on level 4 of the Dungeon)

   [ring of magical power]

   rF:        It protects you from fire.
   MP:        It affects your magic capacity (+9).
   Drain:     It drains your maximum health when unequipped.
   Will:      It greatly increases your willpower.
Wands
 n - a wand of roots (8)
Scrolls
 c - 3 scrolls of teleportation
Potions
 a - a potion of lignification
 b - 4 potions of curing
 d - 3 potions of flight
 e - a potion of might
 h - a potion of heal wounds {unknown}
 i - 2 potions of haste
 j - 3 potions of brilliance


   Skills:
 + Level 3.6 Fighting
 + Level 3.4 Dodging
 + Level 4.4 Unarmed Combat
 + Level 3.4 Spellcasting
 + Level 3.8 Transmutations
 + Level 1.4 Ice Magic
 + Level 2.8 Poison Magic


You had 2 spell levels left.
You knew the following spells:

 Your Spells              Type           Power      Damage    Failure   Level
a - Beastly Appendage     Tmut           28%        N/A       4%          1
b - Wereblood             Tmut           14%        N/A       6%          2
c - Spider Form           Tmut/Pois      12%        N/A       14%         3
d - Ice Form              Ice/Tmut       10%        N/A       54%         4

Your spell library contained the following spells:

 Spells                   Type           Power      Damage    Failure   Level


Dungeon Overview and Level Annotations

Branches:
Dungeon (5/15)
 Temple: D:4-7

Altars:
Vehumet


Innate Abilities, Weirdness & Mutations

You have temporarily grown beastly horns and talons.
Your dull iron-grey scales are very hard. (AC +11)
You are amphibious.
You cannot fit into any form of body armour.
You are cold-blooded and may be slowed by cold attacks.


Message History

The steam dragon bites you but does no damage.
The steam dragon claws you.
* * * LOW HITPOINT WARNING * * *
You closely miss the steam dragon. Your kick misses the steam dragon.
The steam dragon is moderately wounded.
Your primal bloodlust has ended.
The steam dragon bites you but does no damage.
The steam dragon claws you but does no damage.
You hit the steam dragon but do no damage.
Your kick misses the steam dragon. Your headbutt misses the steam dragon.
The steam dragon is moderately wounded.
The steam dragon bites you but does no damage.
The steam dragon misses you.
You closely miss the steam dragon.
You claw the steam dragon, but do no damage.
Your tail-slap misses the steam dragon.
The steam dragon is moderately wounded.
The steam dragon breathes steam at you.
The ball of steam hits you but does no damage.
You hit the steam dragon. Your kick misses the steam dragon.
The steam dragon is heavily wounded.
You barely miss the steam dragon.
You claw the steam dragon, but do no damage.
Your headbutt misses the steam dragon.
The steam dragon is heavily wounded.
The steam dragon bites you.
* * * LOW HITPOINT WARNING * * *
The steam dragon claws you.
* * * LOW HITPOINT WARNING * * *
You hit the steam dragon. You claw the steam dragon!
You tail-slap the steam dragon.
The steam dragon is almost dead.
The steam dragon bites you!
* * * LOW HITPOINT WARNING * * *
The steam dragon claws you but does no damage.
You barely miss the steam dragon. You claw the steam dragon.
The steam dragon is almost dead.
The steam dragon bites you but does no damage.
The steam dragon claws you.
You die...

#...................#
#...#.#######.#####'#
#...###..####.##.....
#######...≈..##.##.....
#P.≈≈...≈....##.##.....
..............#.##.....
..≈....≈≈....^#>##..... #####
###D..?.P.#.##..... ########...#
#.@#.≈.P≈##.##.....
##..........###..##...##..##.....
..............§..######..###.....
####...####..§....#.....## #.....
#####..# #.........##### #.....
.......# ##..###############.....
######.###.....# #...............
#..##...#.#.#...............
##.##...#.#.#...........####


You could see a steam dragon (catching breath).

Vanquished Creatures
  A steam dragon (D:5)
  A black bear (D:4)
  An ice beast (D:5)
  A gnoll sergeant (D:5)
  A scorpion (D:4)
  2 iguanas
  2 orc wizards (D:4)
  6 adders
  3 gnolls (D:5)
  An ufetubus (D:3)
  3 worms
  3 dart slugs
  8 orcs
  7 ball pythons
  5 endoplasms
  14 giant cockroaches
  9 goblins
  3 hobgoblins
  6 quokkas
  4 bats
  2 frilled lizards
  A kobold (D:3)
  5 rats
89 creatures vanquished.

Vanquished Creatures (others)
  14 fungi (D:5)
14 creatures vanquished.

Grand Total: 103 creatures vanquished

Notes
Turn   | Place    | Note
-------+----------+-------------------------------------------
     0 | D:1      | inmateoo the Draconian Transmuter began the quest for the
                  | Orb.
     0 | D:1      | Reached XP level 1. HP: 16/16 MP: 3/3
   253 | D:1      | Reached XP level 2. HP: 22/23 MP: 3/5
   275 | D:1      | Found a faded altar of an unknown god.
  1108 | D:2      | Reached XP level 3. HP: 28/29 MP: 4/6
  1117 | D:2      | Learned a level 2 spell: Wereblood
  1121 | D:2      | Learned a level 3 spell: Spider Form
  1650 | D:2      | Reached XP level 4. HP: 36/36 MP: 2/7
  1787 | D:3      | Reached skill level 1 in Poison Magic
  2529 | D:4      | Found a radiant altar of Vehumet.
  2541 | D:4      | Noticed a black bear
  2564 | D:4      | Killed a black bear
  2565 | D:4      | Reached XP level 5. HP: 16/42 MP: 1/9
  2775 | D:4      | Reached XP level 6. HP: 37/50 MP: 8/10
  3045 | D:4      | Reached skill level 4 in Unarmed Combat
  3070 | D:4      | Identified the ring "Fuaclofa" {Drain rF+ Will+++ MP+9}
  3226 | D:4      | Learned a level 4 spell: Ice Form
  3517 | D:5      | Entered Level 5 of the Dungeon
  4004 | D:5      | Noticed a steam dragon
  4007 | D:5      | Noticed a steam dragon
  4050 | D:5      | Noticed an ice beast
  4065 | D:5      | Killed an ice beast
  4066 | D:5      | Reached skill level 1 in Ice Magic
  4066 | D:5      | Your scales start taking on a dull iron-grey colour.
  4066 | D:5      | Reached XP level 7. HP: 57/57 MP: 12/12
  4200 | D:5      | Killed a steam dragon
  4215 | D:5      | Slain by a steam dragon

Illustrated notes

Levels and vault maps discovered:
D:1:      minmay_arrival_loop, layout_loops_ring, shapermc_ecumenical_altar_gd,
          serial_bayou_ford_a
D:2:      minmay_roachtagon, layout_basic
D:3:      layout_loops_ring
D:4:      layout_rooms, lemuel_tele_altar, kennysheep_minor_cross,
          minmay_misc_feat_hallway
D:5:      kennysheep_steamy, layout_basic, grunt_temple_overflow_bloody_war

Skill      XL: |  1  2  3  4  5  6 |
---------------+-------------------+-----
Dodging        | 2 3 |  3.4
Fighting       | 2 3 |  3.6
Poison Magic   | 1 2 |  2.8
Transmutations | 3 |  3.8
Spellcasting   | 3 |  3.4
Unarmed Combat | 4 |  4.4
Ice Magic      | 1 |  1.4

Action                   |  1- 3 |  4- 6 |  7- 9 || total
-------------------------+-------+-------+-------++-------
Melee: Unarmed           |   113 |   149 |    27 ||   289
       Headbutt          |     6 |    10 |     5 ||    21
       Kick              |    14 |    13 |     8 ||    35
       Tailslap          |    10 |    13 |     3 ||    26
       Punch             |       |     2 |       ||     2
 Cast: Beastly Appendage |    12 |     9 |     2 ||    23
       Wereblood         |     3 |     5 |     1 ||     9
       Spider Form       |     1 |     6 |       ||     7
  Use: Scroll            |     6 |     6 |     3 ||    15
 Stab: Sleeping          |       |     1 |       ||     1
Armor: Skin              |    50 |    23 |    16 ||    89
Dodge: Dodged            |    84 |    92 |    13 ||   189

Table legend: (Time is in decaauts)
 A = Elapsed time spent in this place.
 B = Non-inter-level travel time spent in this place.
 C = Inter-level travel time spent in this place.
 D = Time resting spent in this place.
 E = Time spent auto-exploring this place.
 F = Levels seen in this place.
 G = Mean time per level.
                   A        B        C        D        E       F      G
               +--------+--------+--------+--------+--------+-----+--------+
         Total |   4203 |   3979 |    224 |    964 |   2208 |   5 |  840.6 |
       Dungeon |   4203 |   3979 |    224 |    964 |   2208 |   5 |  840.6 |
               +--------+--------+--------+--------+--------+-----+--------+

Top non-repeatable levels by time:
     D:4: 1090 daAuts
     D:1: 1047 daAuts
     D:2: 720 daAuts
     D:5: 693 daAuts
     D:3: 652 daAuts
